 Dungeon Crawl Stone Soup version 0.29-a0-717-g6dac4ea423 (webtiles) character file.

Game seed: 6764229759430351159

77 polve the Trooper (level 4, 0/39 HPs)
             Began as a Demonspawn Abyssal Knight on June 26, 2022.
             Was a Believer of Lugonu.
             Slain by an orc
             ... wielding a +0 trident
              (5 damage)
             ... on level 3 of the Dungeon.
             The game lasted 00:01:46 (2904 turns).

polve the Trooper (Demonspawn Abyssal Knight)       Turns: 2904, Time: 00:01:47

Health: 0/39       AC:  9    Str: 15    XL:     4   Next: 14%
Magic:  5/5        EV:  6    Int: 12    God:    Lugonu [**....]
Gold:   94         SH:  0    Dex: 19    Spells: 3/3 levels left

rFire   . . .      SeeInvis .   a - +1 hand axe
rCold   . . .      Faith    .   (no shield)
rNeg    . . .      Spirit   .   n - +0 chain mail
rPois   .          Reflect  .   (no helmet)
rElec   .          Harm     .   (no cloak)
rCorr   .          Rampage  .   (no gloves)
Will    .....                   (no boots)
Stlth   ..........              (no amulet)
HPRegen 0.13/turn               l - +6 ring of dexterity
MPRegen 0.09/turn               f - ring of flight

@: flying
A: rugged brown scales 1, weakness stinger 1
a: Renounce Religion, Depart the Abyss, Bend Space


You were on level 3 of the Dungeon.
You worshipped Lugonu.
Lugonu was pleased with you.
You visited 1 branch of the dungeon, and saw 3 of its levels.
You visited the Abyss 1 time.

You collected 94 gold pieces.

Inventory:

Hand Weapons
 a - a +1 hand axe (weapon)
Armour
 n - a +0 chain mail (worn)
Jewellery
 f - a ring of flight (right hand)
 l - a +6 ring of dexterity (left hand)
Wands
 o - a wand of digging (1)
Scrolls
 b - a scroll of teleportation {unknown}
 g - a scroll of fear
 h - a scroll of fog {unknown}
 j - a scroll of identify {unknown}
 k - a scroll of silence {unknown}
 m - a scroll of amnesia {unknown}
Potions
 c - a potion of brilliance {unknown}
 d - a potion of curing {unknown}
 e - a potion of haste {unknown}
 i - 4 potions of lignification {unknown}


   Skills:
 * Level 4.4 Fighting
 + Level 2.6 Axes
 - Level 1.7 Armour
 - Level 0.8 Dodging
 - Level 2.4 Invocations


You had 3 spell levels left.
You didn't know any spells.
Your spell library contained the following spells:

 Spells                   Type           Power      Damage    Failure   Level
 Shock                    Conj/Air       0%         1d3       100%        1
 Iskenderun's Mystic Bla  Conj/Tloc      0%         2d3       100%        4
 Freezing Cloud           Conj/Ice/Air   0%         6-21      100%        5
 Iskenderun's Battlesphe  Conj           0%         2d6       100%        5


Dungeon Overview and Level Annotations

Branches:
Dungeon (3/15)

Altars:
Gozag
Zin


Innate Abilities, Weirdness & Mutations

You are partially covered in rugged brown scales. (AC +1, +3% HP)
You have a small tail.


Message History

You are too injured to fight recklessly!
You are too injured to fight recklessly!
You are too injured to fight recklessly!
You are too injured to fight recklessly!
You are too injured to fight recklessly!
You are too injured to fight recklessly!
You are too injured to fight recklessly!
You are too injured to fight recklessly!
An orc comes into view. It is wielding a +0 flail.
You closely miss the orc wizard. The orc closely misses you.
You hit the orc wizard.
The orc wizard is moderately wounded.
The orc wizard barely misses you. The orc hits you but does no damage.
The orc wizard hits you with a +0 dagger.
You closely miss the orc wizard.
Your tail-slap misses the orc wizard.
The orc wizard is moderately wounded.
The orc hits you from afar with a +0 trident.
The orc wizard hits you but does no damage.
You hit the orc wizard.
The orc wizard is heavily wounded.
The orc hits you but does no damage. The orc wizard casts a spell at you.
The puff of flame hits you!
* * * LOW HITPOINT WARNING * * *
You barely miss the orc wizard.
The orc wizard is heavily wounded.
The orc hits you from afar with a +0 trident.
* * * LOW HITPOINT WARNING * * *
The orc wizard hits you but does no damage.
The orc hits you but does no damage.
You hit the orc wizard.
The orc wizard is severely wounded.
The orc wizard hits you but does no damage.
The orc hits you from afar with a +0 trident.
* * * LOW HITPOINT WARNING * * *
You hit the orc wizard.
The orc wizard is almost dead.
The orc wizard hits you but does no damage.
The orc hits you from afar with a +0 trident.
You die...

#####.##########.#
...............#.#
#####.#######.##.# #.#
#.##.# #.# ##.##.#
#####.♣♣ ###...#.#######
<....♣≈♣♣♣..............
####♣≈≈≈≈♣♣♣...#.#######
###≈≈≈≈≈≈♣♣♣♣..#@#
..P≈≈≈P≈≈P≈♣♣≈ #o#
.P≈≈≈≈≈≈≈≈P≈≈♣


oo# ≈≈≈≈≈≈P≈≈≈P≈P P≈o. ♣≈≈≈≈≈≈≈≈≈≈≈≈≈≈≈P. ..≈≈≈≈≈≈≈≈≈≈≈≈≈≈≈..
................... ♣.≈≈≈≈≈≈≈≈≈≈≈≈≈≈♣..# ≈.P≈≈≈≈≈≈P≈ You could see an orc wizard
and 3 orcs.

Vanquished Creatures
  2 adders (D:2)
  A worm (D:2)
  2 dart slugs (D:2)
  5 orcs (D:3)
  2 ball pythons
  3 bats
  4 endoplasms
  A giant cockroach (D:3)
  6 goblins
  2 hobgoblins (D:2)
  5 jackals
  A kobold (D:2)
  3 quokkas (D:2)
  A frilled lizard (D:2)
  4 rats
42 creatures vanquished.

Vanquished Creatures (others)
  14 plants (D:3)
14 creatures vanquished.

Grand Total: 56 creatures vanquished

Notes
Turn   | Place    | Note
-------+----------+-------------------------------------------
     0 | Abyss:1  | polve the Demonspawn Abyssal Knight began the quest for the
                  | Orb.
     0 | Abyss:1  | Reached XP level 1. HP: 18/18 MP: 2/2
    71 | Abyss:1  | Found a corrupted altar of Lugonu.
    97 | D:1      | Escaped the Abyss
   124 | D:1      | Found a faded altar of an unknown god.
   129 | D:1      | Reached ** piety under Lugonu
   300 | D:1      | Gained mutation: You are partially covered in rugged brown
                  | scales. (AC +1, +3% HP) [demonic ancestry]
   300 | D:1      | Reached XP level 2. HP: 11/24 MP: 3/3
   731 | D:1      | Got Vehumet's Reference Book on Conjuration
  1084 | D:2      | Gained mutation: You have a small tail. [demonic ancestry]
  1084 | D:2      | Reached XP level 3. HP: 25/30 MP: 4/4
  1151 | D:2      | Reached skill level 4 in Fighting
  2572 | D:3      | Reached XP level 4. HP: 34/39 MP: 5/5
  2816 | D:3      | Found an opulent altar of Gozag.
  2904 | D:3      | Slain by an orc

Illustrated notes

Levels and vault maps discovered:
D:1:      lordsloth_arrival_two_stooges, layout_rooms,
          hellmonk_ecumenical_altar_dog_temple
D:2:      layout_loops_corners, st_stairs_1
D:3:      cheibrodos_old_hovel, layout_basic,
          pdpol_temple_overflow_zin_treasury_gozag_greed, serial_bayou,
          serial_bayou_lagoon_b, serial_bayou_pond_d, serial_bayou_pond_a,
          serial_bayou_lake_a, serial_bayou_shore_b, serial_bayou_crossing

Skill      XL: |  1  2  3 |
---------------+----------+-----
Axes           | 2 |  2.6
Fighting       | 4 |  4.4
Armour         | |  1.7
Dodging        | |  0.8
Invocations    | |  2.4

Action                   |  1- 3 |  4- 6 || total
-------------------------+-------+-------++-------
Melee: Hand axe          |   117 |    19 ||   136
       Tailslap          |     7 |       ||     7
       Punch             |       |     1 ||     1
Invok: Depart the Abyss  |     1 |       ||     1
  Use: Scroll            |     1 |       ||     1
 Stab: Sleeping          |     3 |       ||     3
Armor: Leather armour    |    36 |       ||    36
       Chain mail        |    11 |    12 ||    23
Dodge: Dodged            |    93 |     8 ||   101

Table legend: (Time is in decaauts)
 A = Elapsed time spent in this place.
 B = Non-inter-level travel time spent in this place.
 C = Inter-level travel time spent in this place.
 D = Time resting spent in this place.
 E = Time spent auto-exploring this place.
 F = Levels seen in this place.
 G = Mean time per level.
                   A        B        C        D        E       F      G
               +--------+--------+--------+--------+--------+-----+--------+
         Total |   2926 |   2851 |     75 |      0 |   2520 |   4 |  731.5 |
       Dungeon |   2829 |   2754 |     75 |      0 |   2424 |   3 |  943.0 |
         Abyss |     97 |     97 |      0 |      0 |     96 |   1 |   97.0 |
               +--------+--------+--------+--------+--------+-----+--------+

Top non-repeatable levels by time:
     D:2: 1550 daAuts
     D:1: 808 daAuts
     D:3: 469 daAuts
 Abyss:1: 97 daAuts
